 Dungeon Crawl Stone Soup version 0.32-a0-876-gcfddb08e57 (webtiles) character file.

Game seed: 9512620845892610302

8368 Lanoc the Carver (level 11, -5/87 HPs)
             Began as a Coglin Gladiator on Apr 1, 2024.
             Was a Priest of the Shining One.
             Killed from afar by a steam dragon (23 damage)
             ... with a ball of steam
             ... on level 9 of the Dungeon.
             The game lasted 00:11:00 (8670 turns).

Lanoc the Carver (Coglin Gladiator)                 Turns: 8670, Time: 00:11:01

Health: -5/87      AC:  9    Str: 15    XL:     11   Next: 29%
Magic:  11/11      EV: 16    Int:  7    God:    the Shining One [***...]
Gold:   571        SH:  0    Dex: 20    Spells: 10/10 levels left

rFire   . . .        a - +0 long sword {Eunkyung}
rCold   . . .        i - +0 long sword {Marisol}
rNeg    + . .        k - +0 leather armour {rPois}
rPois   +            c - +0 helmet
rElec   .            q - +0 cloak
rCorr   .            b - +0 pair of gloves
SInv    .            y - +2 pair of boots
Will    .....        (amulet unavailable)
Stlth   +            (ring unavailable)
HPRegen 0.34/turn    (ring unavailable)
MPRegen 0.12/turn    (no gizmo)

%: no passive effects
@: about to teleport, glowing
A: off-hand wielding, slow wielding, warmup strikes, no jewellery
a: Invent Gizmo, Renounce Religion, Divine Shield, Cleansing Flame


You were on level 9 of the Dungeon.
You worshipped the Shining One.
The Shining One was most pleased with you.
You visited 2 branches of the dungeon, and saw 10 of its levels.

You collected 571 gold pieces.

Inventory:

Hand Weapons
 a - a +0 long sword (weapon) {Eunkyung}
 i - a +0 long sword (offhand) {Marisol}
Missiles
 e - a javelin
 r - 2 throwing nets (quivered)
Armour
 b - a +0 pair of gloves (worn)
 c - a +0 helmet (worn)
 k - a +0 leather armour of poison resistance (worn)
 q - a +0 cloak (worn)
 y - a +2 pair of boots (worn)
Wands
 n - a wand of flame (17)
 s - a wand of digging (9)
 v - a wand of paralysis (14)
 B - a wand of warping (6)
Scrolls
 f - 4 scrolls of immolation {unknown}
 g - a scroll of noise {unknown}
 h - 11 scrolls of teleportation
 j - 8 scrolls of identify
 l - a scroll of enchant weapon {unknown}
 m - 2 scrolls of torment {unknown}
 p - 2 scrolls of fear {unknown}
 t - 5 scrolls of enchant armour {unknown}
 u - a scroll of fog {unknown}
 w - a scroll of revelation {unknown}
 A - a scroll of summoning {unknown}
Potions
 d - 5 potions of curing {unknown}
 o - a potion of resistance
 x - 2 potions of brilliance
 z - a potion of might {unknown}


   Skills:
 + Level 8.9 Fighting
 * Level 12.5 Long Blades
 - Level 1.7 Throwing
 + Level 8.4 Dodging


You had 10 spell levels left.
You didn't know any spells.
Your spell library contained the following spells:

 Spells                   Type           Power      Damage    Failure   Level
 Ensorcelled Hibernation  Hex/Ice        0%         N/A       65%         2
 Passwall                 Erth           0%         N/A       86%         3
 Swiftness                Air            0%         N/A       86%         3
 Maxwell's Portable Pile  Tloc           0%         2d(5-10)  99%         4
 Arcjolt                  Conj/Air       0%         1d10      100%        5
 Maxwell's Capacitive Co  Air            0%         ∞         100%        8


Dungeon Overview and Level Annotations

Branches:
Dungeon (9/15)             Temple (1/1) D:4             Orc (0/2) D:9
   Lair: D:8-11

Altars:
Ashenzari
Dithmenos
Gozag
Hepliaklqana
Kikubaaqudgha
Makhleb
Nemelex Xobeh
Okawaru
Qazlal
Ru
Uskayaw
Vehumet
Wu Jian
Zin
The Shining One

Annotations:
D:5 3 runed translucent doors, Notanamesir's ghost, novice TrGl
D:7 Jeremiah


Innate Abilities, Weirdness & Mutations

You can wield a second weapon in your off-hand.
It takes a long time for you to wield or remove held weapons.
Your first few attacks do less damage.
You cannot equip rings or amulets.


Message History

You are engulfed in a cloud of scalding steam.
The steam dragon breathes steam at you. The ball of steam hits you!
The steam dragon bites you.
The steam dragon claws you but does no damage.
The basilisk gazes at you.
You hear an angry hiss. x2
You are engulfed in a cloud of scalding steam.
The steam dragon breathes steam at you. The ball of steam hits you!
The steam dragon bites you. The steam dragon claws you.
The basilisk bites you but does no damage.
The steam dragon bites you. The steam dragon barely misses you.
The steam dragon bites you but does no damage.
The steam dragon claws you. The basilisk bites you.
* * * LOW HITPOINT WARNING * * *
You turn to flesh and can move again.
Unknown command.
The wyvern attacks as it pursues you! The wyvern barely misses you.
The steam dragon attacks as it pursues you!
The steam dragon closely misses you. The steam dragon claws you.
* * * LOW HITPOINT WARNING * * *
The steam dragon breathes steam at you. The ball of steam misses you.
The wyvern is engulfed in a cloud of scalding steam.
The wyvern attacks as it pursues you! The wyvern closely misses you.
The wyvern misses you.
Okay, then.
As you read the scroll labelled KATUSTR GUHAA, it crumbles to dust.
It is a scroll of identify.
x - 2 potions of brilliance The wyvern barely misses you.
As you read the scroll labelled OSIAG CIQESUSCH, it crumbles to dust.
You feel strangely unstable.
It was a scroll of teleportation.
The wyvern bites you.
* * * LOW HITPOINT WARNING * * *
A komodo dragon comes into view.
The wyvern misses you. The steam dragon breathes steam at you.
The ball of steam hits you!!
You die...

### ### ## #######.### ..##.#
###.......§§###.#.##
#.....###.§.§DlD...####
####..###.####§§@k.....l..
#...##.#### ######.......
.####### ##..... ## ...# #.. (
######################### ##
#.......#.....#........># #.
...#.......#.....#.........#####.


You could see a komodo dragon (wandering), a basilisk, 2 steam dragons and a
wyvern.

Vanquished Creatures
  Pikel (D:5)
  A cyclops (D:7)
  Joseph (D:8)
  Maggie (D:7)
  3 hornets
  Prince Ribbit (D:5)
  10 yaks
  3 wyverns
  A steam dragon (D:9)
  A warg (D:9)
  Menkaure (D:7)
  2 water moccasins (D:7)
  Duvessa (D:5)
  2 orc warriors
  A hornet zombie (D:7)
  An ice beast (D:7)
  2 black bears (D:5)
  A wolf (D:9)
  An ogre (D:7)
  2 centaurs (D:7)
  2 lemures (D:5)
  2 kobold brigands
  7 bullfrogs
  A wyvern zombie (D:7)
  A gnoll sergeant (D:6)
  3 scorpions
  5 wights (D:7)
  Dowan (D:5)
  12 killer bees (D:8)
  5 bombardier beetles
  2 howler monkeys (D:8)
  An electric eel (D:9)
  A bullfrog zombie (D:7)
  A centaur zombie (D:7)
  7 hounds
  2 jellies
  5 iguanas
  4 orc wizards
  A killer bee zombie (D:7)
  3 gnolls (D:6)
  6 adders
  3 shadow imps
  A white imp (D:6)
  An ufetubus (D:7)
  A ribbon worm (D:4)
  2 dart slugs
  23 orcs
  7 endoplasms
  2 giant cockroaches (D:1)
  4 goblins
  8 hobgoblins
  2 jackals (D:1)
  13 kobolds
  3 quokkas
  5 ball pythons
  3 bats (D:1)
  3 frilled lizards
  2 rats
192 creatures vanquished.

Notes
Turn   | Place    | Note
-------+----------+-------------------------------------------
     0 | D:1      | Lanoc the Coglin Gladiator began the quest for the Orb.
     0 | D:1      | Reached XP level 1. HP: 16/16 MP: 1/1
   115 | D:1      | Reached XP level 2. HP: 22/22 MP: 2/2
   540 | D:1      | Found a faded altar of an unknown god.
   658 | D:2      | Identified the +4 dagger of Yredelemnul {freeze, Int+3}
   671 | D:2      | Reached XP level 3. HP: 23/28 MP: 3/3
  1442 | D:3      | Reached XP level 4. HP: 34/34 MP: 4/4
  1460 | D:3      | Reached skill level 4 in Long Blades
  1809 | D:3      | Reached XP level 5. HP: 40/41 MP: 5/5
  2042 | D:4      | Found a staircase to the Ecumenical Temple.
  2066 | Temple   | Entered the Ecumenical Temple
  2096 | Temple   | Became a worshipper of the Shining One
  2553 | D:4      | Reached skill level 5 in Long Blades
  2553 | D:4      | Reached XP level 6. HP: 44/47 MP: 6/6
  2728 | D:5      | Entered Level 5 of the Dungeon
  2741 | D:5      | Noticed a black bear
  2749 | D:5      | Killed a black bear
  2888 | D:5      | Noticed Prince Ribbit
  2899 | D:5      | Killed Prince Ribbit
  2900 | D:5      | Reached skill level 6 in Long Blades
  2900 | D:5      | Reached XP level 7. HP: 45/54 MP: 7/7
  3049 | D:5      | Found a runed translucent gate.
  3049 | D:5      | Found a runed translucent gate.
  3049 | D:5      | Found a runed translucent gate.
  3199 | D:5      | Found an opulent altar of Gozag.
  3202 | D:5      | Noticed Notanamesir's ghost (novice TrGl)
  3204 | D:5      | Noticed a hornet
  3212 | D:5      | Noticed Pikel
  3233 | D:5      | Killed Pikel
  3234 | D:5      | Reached skill level 5 in Fighting
  3234 | D:5      | Reached skill level 7 in Long Blades
  3234 | D:5      | Reached skill level 5 in Dodging
  3234 | D:5      | Reached XP level 8. HP: 19/62 MP: 8/8
  3656 | D:5      | Noticed Dowan
  3657 | D:5      | Noticed Duvessa
  3668 | D:5      | Killed Duvessa
  3669 | D:5      | Reached skill level 8 in Long Blades
  3672 | D:5      | HP: 1/63 [Dowan/shard of ice (13)]
  3682 | D:5      | Killed Dowan
  4216 | D:6      | Reached * piety under the Shining One
  4246 | D:6      | Noticed a yak
  4247 | D:6      | Noticed a yak
  4247 | D:6      | Noticed a yak
  4247 | D:6      | Noticed a yak
  4248 | D:6      | Noticed a yak
  4270 | D:6      | Killed a yak
  4271 | D:6      | Reached XP level 9. HP: 56/69 MP: 9/9
  4278 | D:6      | Reached skill level 9 in Long Blades
  5134 | D:7      | Reached ** piety under the Shining One
  5152 | D:7      | Reached skill level 10 in Long Blades
  5426 | D:7      | Noticed Maggie
  5439 | D:7      | Killed Maggie
  5440 | D:7      | Reached XP level 10. HP: 55/79 MP: 10/10
  5929 | D:7      | Reached skill level 11 in Long Blades
  5943 | D:7      | Noticed a cyclops
  5949 | D:7      | HP: 2/80 [cyclops (16)]
  5952 | D:7      | Killed a cyclops
  6347 | D:7      | Noticed Menkaure
  6355 | D:7      | Killed Menkaure
  6475 | D:7      | Found an ancient bone altar of Kikubaaqudgha.
  6717 | D:7      | Noticed Jeremiah
  6912 | D:8      | Reached *** piety under the Shining One
  7203 | D:8      | Found a shadowy altar of Dithmenos.
  7332 | D:8      | Noticed Joseph
  7347 | D:8      | Killed Joseph
  7827 | D:9      | Reached skill level 12 in Long Blades
  7827 | D:9      | Reached XP level 11. HP: 68/87 MP: 11/11
  7979 | D:9      | Paralysed by a hornet for 1 turns
  8158 | D:9      | Found a staircase to the Orcish Mines.
  8595 | D:9      | Found an opulent altar of Gozag.
  8670 | D:9      | Killed from afar by a steam dragon

Illustrated notes

Levels and vault maps discovered:
D:1:      zelgadis_glass_arrival_small, layout_loops_ring,
          hellmonk_ecumenical_altar_inner_sanctum, kennysheep_boxes
D:2:      layout_loops_ring
D:3:      layout_basic, grunt_decor_one_mirror
D:4:      layout_basic, minmay_temple_entry_stoned_glass, grunt_decor_junction
D:5:      layout_loops_corners, ebering_ghost_gozag, uniq_pikel,
          uniq_prince_ribbit1, uniq_duvessa
D:6:      layout_basic
D:7:      layout_layer_cave, mainiacjoe_overflow_chevrons, serial_undead,
          serial_undead_b, serial_undead_c, serial_undead_e, serial_undead_d,
          minmay_misc_feat_cross, minmay_misc_feat_tiny,
          corexii_item_surrounded_by_moat, nzn_random_ring,
          uniq_crazy_yiuf_cottage, uniq_maggie, uniq_jeremiah, uniq_menkaure
D:8:      layout_loops_ring, grunt_dithmenos_smoke, uniq_joseph
D:9:      layout_irregular_city, minitemple, erik_lair_dragon,
          minmay_orc_entry_guard_dogs, lightli_minifort
Temple:   chequers_temple_sunken

Skill      XL: |  1  2  3  4  5  6  7  8  9 10 |
---------------+-------------------------------+-----
Dodging        | 3 4 5 6 8 |  8.4
Long Blades    | 4 5 6 7 8 10 12 | 12.5
Fighting       | 3 4 5 6 7 8 |  8.9
Throwing       | |  1.7

Action                     |  1- 3 |  4- 6 |  7- 9 | 10-12 || total
---------------------------+-------+-------+-------+-------++-------
  Melee: Long sword        |    92 |   148 |   297 |   362 ||   899
         Dagger            |    12 |       |       |       ||    12
  Throw: Throwing net      |       |       |     1 |     1 ||     2
    Use: Potion            |       |       |     2 |     2 ||     4
         Scroll            |       |       |       |     2 ||     2
   Stab: Sleeping          |     1 |       |       |       ||     1
 Armour: Leather armour    |    38 |    73 |    93 |   127 ||   331
  Dodge: Dodged            |    30 |    59 |    90 |   133 ||   312

Table legend: (Time is in decaauts)
 A = Elapsed time spent in this place.
 B = Non-inter-level travel time spent in this place.
 C = Inter-level travel time spent in this place.
 D = Time resting spent in this place.
 E = Time spent auto-exploring this place.
 F = Levels seen in this place.
 G = Mean time per level.
                   A        B        C        D        E       F      G
               +--------+--------+--------+--------+--------+-----+--------+
         Total |   8662 |   8469 |    193 |      0 |   7142 |  10 |  866.2 |
       Dungeon |   8599 |   8427 |    172 |      0 |   7142 |   9 |  955.4 |
        Temple |     63 |     42 |     21 |      0 |      0 |   1 |   63.0 |
               +--------+--------+--------+--------+--------+-----+--------+

Top non-repeatable levels by time:
     D:7: 1869 daAuts
     D:5: 1451 daAuts
     D:8: 945 daAuts
     D:4: 857 daAuts
     D:9: 840 daAuts
     D:6: 796 daAuts
     D:2: 690 daAuts
     D:1: 623 daAuts
     D:3: 524 daAuts
  Temple: 63 daAuts
